 Dungeon Crawl Stone Soup version 0.28-a0-479-g5baa6b73be (webtiles) character file.

Game seed: 16863062026321522879

778 willcat the Covert (level 7, -4/46 HPs)
             Began as an Octopode Delver on Sept 17, 2021.
             Was an Initiate of Gozag.
             Succumbed to a water moccasin's poison
             ... on level 6 of the Dungeon.
             The game lasted 00:04:46 (3728 turns).

willcat the Covert (Octopode Delver)                Turns: 3728, Time: 00:04:46

Health: -4/46      AC:  1    Str: 12    XL:     7   Next: 85%
Magic:  9/9        EV: 10    Int: 14    God:    Gozag
Gold:   28         SH: 12    Dex: 13    Spells: 10/11 levels left

rFire   . . .      SeeInvis .   a - +0 short sword
rCold   . . .      Faith    .   c - +0 tower shield
rNeg    . . .      Spirit   .   (helmet restricted)
rPois   .          Reflect  .   (no amulet)
rElec   .          Harm     .   (no ring)
rCorr   .          Rampage  .   (no ring)
Will    .....                   (no ring)
Stlth   +++++.....              (no ring)
HPRegen 0.15/turn               (no ring)
MPRegen 0.11/turn               (no ring)
                                (no ring)
                                (no ring)

@: lethally poisoned (-4 -> -38), gold aura
A: almost no armour, amphibious, 8 rings, camouflage 1, gelatinous body 1,
(nimble swimmer 1), tentacles, low mp 1, evolution 1
a: Renounce Religion, Potion Petition, Call Merchant, Bribe Branch


You were on level 6 of the Dungeon.
You worshipped Gozag.
Gozag was noncommittal.
You visited 2 branches of the dungeon, and saw 4 of its levels.
You also visited: Sewer.

You collected 119 gold pieces.
You paid 91 gold pieces to Gozag.

Inventory:

Hand Weapons
 a - a +0 short sword (weapon)
Armour
 c - a +0 tower shield (worn)
Wands
 f - a wand of digging (2)
Scrolls
 b - 2 scrolls of fog
 d - a scroll of enchant armour
 g - a scroll of magic mapping
 h - 2 scrolls of amnesia {unknown}
 i - a scroll of blinking
 l - a scroll of identify {unknown}
Potions
 e - a potion of haste
 j - a potion of mutation
 k - 2 potions of curing {unknown}


   Skills:
 - Level 3.0 Fighting
 + Level 4.0 Short Blades
 + Level 4.1 Dodging
 + Level 8.5 Stealth
 + Level 2.8 Shields
 + Level 2.6 Spellcasting
 + Level 2.8 Conjurations


You had 10 spell levels left.
You knew the following spells:

 Your Spells              Type           Power      Damage    Failure   Level
a - Magic Dart            Conj           36%        1d4       77%         1

Your spell library contained the following spells:

 Spells                   Type           Power      Damage    Failure   Level
 Searing Ray              Conj           18%        2d5       88%         2
 Fulminant Prism          Conj/Hex       2%         3d6       100%        4


Dungeon Overview and Level Annotations

Branches:
Dungeon (6/15)             Temple (1/1) D:4           Sewer (visited)

Altars:
Ashenzari
Dithmenos
Elyvilon
Gozag
Kikubaaqudgha
Makhleb
Nemelex Xobeh
Qazlal
Ru
Trog
Uskayaw
Wu Jian
Yredelemnul
Zin

Shops:
D:6 ?


Innate Abilities, Weirdness & Mutations

You cannot wear most types of armour.
You are amphibious.
You can wear up to eight rings at the same time.
Your skin changes colour to match your surroundings (Stealth+).
Your rubbery body absorbs attacks. (AC +1, EV +1)
((You are camouflaged near water. (Stealth+)))
You have tentacles for arms and can constrict up to eight enemies at once.
Your magical capacity is low. (-10% MP)
You have hidden genetic potential.


Message History

You squeeze the water moccasin.
The water moccasin is lightly wounded.
You constrict the water moccasin. You block the water moccasin's attack.
The water moccasin bites you.
You hit the water moccasin.
You squeeze the water moccasin, but do no damage.
The water moccasin is lightly wounded.
You constrict the water moccasin. The water moccasin bites you.
You are poisoned.
The water moccasin poisons you!
You hit the water moccasin.
The water moccasin is heavily wounded.
You constrict the water moccasin.
You feel very sick. The water moccasin bites you!
You are more poisoned.
The water moccasin poisons you! You block the water moccasin's attack.
You hit the water moccasin.
The water moccasin is severely wounded.
You constrict the water moccasin.
You feel very sick. The water moccasin bites you.
You are lethally poisoned!
The water moccasin poisons you! The water moccasin bites you.
You are more poisoned.
The water moccasin poisons you!
You hit the water moccasin but do no damage.
The water moccasin is almost dead.
You constrict the water moccasin!
You kill the water moccasin!
* * * LOW HITPOINT WARNING * * *
You feel extremely sick.
Your Short Blades skill increases to level 4!
Your Dodging skill increases to level 4!
Unknown command.
It was a potion of mutation.
You feel extremely strange.
You feel less energetic.
You feel a hidden potential growing inside you.
You die...
Your body crumbles into a pile of gold.

......... ..# ....
.####.#.#####.# .#.
........#..#
...#........# .
.............# #.#
##..#.#.##...# ...
#...........# ..#.#
#>...#.#....####......
#.........?...@$......
#.......#.############
#(....$.#.#
###..≈.≈..#.#
..#.≈≈.≈≈.#.#
#.#.≈≈∩≈≈.#.#
#.##≈≈≈≈≈##.#
#....≈≈≈###..
#.##.####


There were no monsters in sight!

Vanquished Creatures
  A water moccasin (D:6)
  An ogre (D:5)
  A necrophage (D:5)
  Blork the orc (D:4)
  A water moccasin zombie (D:6)
  2 scorpions (D:5)
  A howler monkey (D:5)
  A bullfrog zombie (D:6)
  3 hounds
  A howler monkey zombie (D:5)
  2 gnolls (D:4)
  4 adders
  A white imp (D:5)
  An ufetubus (D:6)
  A worm (D:5)
  An orc (D:5)
  3 ball pythons (Sewer)
  An endoplasm (D:4)
  4 goblins (D:4)
  4 jackals (D:4)
  A kobold (D:4)
  3 frilled lizards (Sewer)
39 creatures vanquished.

Vanquished Creatures (others)
  8 plants (D:5)
8 creatures vanquished.

Grand Total: 47 creatures vanquished

Notes
Turn   | Place    | Note
-------+----------+-------------------------------------------
     0 | D:5      | willcat the Octopode Delver began the quest for the Orb.
     0 | D:5      | Reached XP level 1. HP: 16/16 MP: 1/1
   301 | D:5      | Reached XP level 2. HP: 9/21 MP: 2/2
   303 | D:5      | Reached skill level 7 in Stealth
   359 | D:5      | Learned a level 1 spell: Magic Dart
   409 | D:5      | Found a glowing drain.
   415 | D:5      | Reached XP level 3. HP: 21/26 MP: 3/3
   419 | Sewer    | Entered a sewer
   549 | Sewer    | Noticed Purgy
  1889 | D:5      | Noticed a scorpion
  1896 | D:5      | Killed a scorpion
  1897 | D:5      | Reached skill level 1 in Spellcasting
  1897 | D:5      | Reached skill level 1 in Conjurations
  1897 | D:5      | Reached XP level 4. HP: 31/31 MP: 3/5
  1902 | D:5      | Reached XP level 5. HP: 35/36 MP: 3/6
  1963 | D:5      | Noticed an ogre
  1968 | D:5      | Noticed a necrophage
  1970 | D:5      | Killed an ogre
  1971 | D:5      | Reached skill level 1 in Shields
  1974 | D:5      | Killed a necrophage
  1975 | D:5      | Reached XP level 6. HP: 26/42 MP: 6/8
  2348 | D:6      | Found a hide-covered altar of Uskayaw.
  2350 | D:6      | Found a white marble altar of Elyvilon.
  2356 | D:6      | Reached skill level 8 in Stealth
  2431 | D:4      | Noticed Blork the orc
  2447 | D:4      | Killed Blork the orc
  2448 | D:4      | Reached XP level 7. HP: 12/46 MP: 10/10
  2724 | D:4      | Found a staircase to the Ecumenical Temple.
  2763 | Temple   | Entered the Ecumenical Temple
  3218 | D:4      | Found an opulent altar of Gozag.
  3239 | D:4      | Became a worshipper of Gozag Ym Sagoz the Greedy
  3584 | D:6      | Found Zaonisuv's Magic Scroll Shop.
  3728 | D:6      | Gained mutation: Your magical capacity is low. (-10% MP)
                  | [potion of mutation]
  3728 | D:6      | Gained mutation: You have hidden genetic potential. [potion
                  | of mutation]
  3728 | D:6      | Succumbed to a water moccasin's poison

Illustrated notes

Levels and vault maps discovered:
D:4:      layout_loops_corners, okawaru_metal_pillars_1_2, grunt_gozag_statues,
          temple_pool_b, uniq_blork_the_orc
D:5:      layout_cave_pools, portal_sewer_entry_d, chequers_ossuary_entry_cave,
          serial_bayou_crossing
D:6:      layout_basic, nicolae_vehumet_radiance,
          nicolae_hepliaklqana_monster_ancestors, jmf_multi_god_temple,
          serial_shops, nicolae_shop_waterfront, nicolae_diamond_shop, shop,
          nicolae_shop_statue_plus
Temple:   minmay_temple_curvy_loop

Skill      XL: |  1  2  3  4  5  6  7 |
---------------+----------------------+-----
Stealth        | 7 8 |  8.5
Spellcasting   | 1 2 |  2.6
Conjurations   | 1 2 |  2.8
Short Blades   | 3 4 |  4.0
Dodging        | 3 4 |  4.1
Shields        | 1 2 |  2.8
Fighting       | |  3.0

Action                   |  1- 3 |  4- 6 |  7- 9 || total
-------------------------+-------+-------+-------++-------
Melee: Short sword       |    44 |    40 |    37 ||   121
       Constrict         |     6 |    11 |     7 ||    24
       Tentacles         |     5 |     8 |    10 ||    23
 Cast: Magic Dart        |     3 |       |       ||     3
Evoke: Wand              |       |       |     1 ||     1
  Use: Scroll            |     5 |       |       ||     5
       Potion            |       |     1 |     1 ||     2
 Stab: Sleeping          |     4 |     1 |     5 ||    10
Armor: Skin              |     2 |     1 |       ||     3
Dodge: Dodged            |    36 |    15 |     5 ||    56
Block: Tower shield      |       |    28 |    24 ||    52

Table legend: (Time is in decaauts)
 A = Elapsed time spent in this place.
 B = Non-inter-level travel time spent in this place.
 C = Inter-level travel time spent in this place.
 D = Time resting spent in this place.
 E = Time spent auto-exploring this place.
 F = Levels seen in this place.
 G = Mean time per level.
                   A        B        C        D        E       F      G
               +--------+--------+--------+--------+--------+-----+--------+
         Total |   3758 |   3726 |     32 |   1688 |   1229 |   5 |  751.6 |
       Dungeon |   2078 |   2068 |     10 |    671 |    934 |   3 |  692.7 |
        Temple |    270 |    249 |     21 |      0 |    187 |   1 |  270.0 |
         Sewer |   1409 |   1409 |      0 |   1017 |    108 |   1 | 1409.0 |
               +--------+--------+--------+--------+--------+-----+--------+

Top non-repeatable levels by time:
   Sewer: 1409 daAuts
     D:5: 897 daAuts
     D:4: 678 daAuts
     D:6: 502 daAuts
  Temple: 270 daAuts
